cohdb
Replays
Latest Replays
All Replays
Popular Replays
Top Player Replays
Match Explorer
How It Works
Community
CoH3 Stats
Reddit
Sign in to upload your games and track your stats! →
Sign in with Steam
Match 41447118
Unlisted
Match 41447118
Overview
Messages
Build Orders
End
Construct Infanterie Kompanie
Kettenkrad Recon Vehicle
Grenadier Squad
Grenadier Squad
Grenadier Squad
Construct Luftwaffe Kompanie
GrW 34 Mortar Team
Flak 30 Anti-aircraft Gun Team
Infanterie Officer Quarters
Jäger Squad
Support Elements
Wirbelwind Flakpanzer
Pioneer Squad
Medical Bunker
Construct Panzer Kompanie
Stoßtruppen Squad
Stoßtruppen Squad
Panzer Officer Quarters
Selects Breakthrough Battlegroup
Selects Rapid Production
Selects Blitzkrieg
Selects Tiger Heavy Tank
Tiger Heavy Tank
Selects Assault Grenadiers
Selects Smoke Bombing Run
Selects Incendiary Bombing Run
Incendiary Bombing Run
Grand.G
Marshal Georgy Zhukov
0
0
Comments
sign in to comment!
No comments posted yet!